AoeStats
← [GG] Shevchenko 7

African Clearing

504883285Analyzed
3v3 RM · 27d ago on Sep 6, 2026· 51m 46s· 6 players
Game mode
Random Map
Map size
Normal (6 player)
Population
200
Speed
Normal
Resources
Standard
Victory
Conquest
Starting age
Dark Age
Ending age
Imperial Age
RankedLock teamsTeams togetherTeam positionsShared explorationLock speedFull tech treeHidden civsTurbo modeCheats
Victory
Defeat
🇲🇽 Huns · Mexico
978
+18
🇦🇷 Franks · Argentina
942
+19
🇻🇪 Japanese · Venezuela
924
+20
1050
-20
🇧🇷 Teutons · Brazil
1025
-19
🇧🇷 Mongols · Brazil
989
-18
MrJellyBean9172
12:31 Feudal Age
13:47 Double-Bit Axe
16:33 Bloodlines
20:16 Castle Age
20:18 Gold Mining
22:01 Light Cavalry
23:21 Scale Barding Armor
24:29 Fletching
24:40 Horse Collar
25:42 Husbandry
28:00 Forging
30:21 Heavy Plow
31:24 Bodkin Arrow
37:43 Wheelbarrow
37:49 Chain Barding Armor
39:44 Iron Casting
40:54 Gold Shaft Mining
44:32 Thumb Ring
46:07 Hand Cart
48:57 Imperial Age
46:55 Padded Archer Armor
47:23 Stone Mining
48:20 Leather Archer Armor
49:23 Hussar
49:26 Heavy Cavalry Archer
52:22 Parthian Tactics
Dryzar
9:03 Loom
11:21 Feudal Age
12:32 Horse Collar
12:38 Double-Bit Axe
13:42 Wheelbarrow
18:24 Gold Mining
23:17 Castle Age
21:46 Stone Mining
32:47 Squires
34:05 Pikeman
38:44 Ballistics
38:20 Murder Holes
39:57 Fortified Wall
40:33 Hand Cart
45:16 Imperial Age
43:09 Bow Saw
43:09 Heavy Plow
43:44 Arson
44:33 Forging
44:24 Scale Mail Armor
45:19 Elite Samurai
46:12 Capped Ram
47:21 Conscription
49:47 Iron Casting
49:27 Chain Mail Armor
AFBSXLE
14:57 Feudal Age
16:03 Double-Bit Axe
17:32 Wheelbarrow
25:45 Castle Age
27:18 Husbandry
33:57 Hand Cart
40:35 Imperial Age
40:50 Cavalier
42:30 Paladin
43:19 Scale Barding Armor
45:30 Conscription
45:11 Chivalry
45:34 #83
45:18 Elite Throwing Axeman
48:09 Chemistry
47:29 Ballistics
48:35 Chain Barding Armor
48:19 Padded Archer Armor
48:09 Fletching
[GG] Raúl González Blanco
4:23 Loom
14:31 Feudal Age
20:10 Castle Age
19:34 Town Watch
27:07 Kamandaran
30:28 Crossbowman
39:58 Town Patrol
44:53 Crossbowman
45:38 Thumb Ring
[GG] Trezeguet
4:51 Loom
13:39 Feudal Age
15:01 Wheelbarrow
14:19 Horse Collar
16:20 Bloodlines
24:57 Castle Age
23:13 Double-Bit Axe
23:24 Gold Mining
31:23 Imperial Age
29:35 Pikeman
30:17 Scale Mail Armor
31:22 Elite Skirmisher
35:43 Ballistics
36:55 Chemistry
37:11 Fletching
37:43 Padded Archer Armor
40:48 Leather Archer Armor
41:04 Heated Shot
47:16 Bodkin Arrow
50:44 Forging
[GG] Shevchenko 7
4:07 Loom
14:40 Feudal Age
18:33 Scale Barding Armor
18:40 Forging
19:37 Bloodlines
20:44 Scale Mail Armor
24:01 Castle Age
29:20 Double-Bit Axe
36:22 Wheelbarrow
37:23 Chain Barding Armor
38:17 Husbandry
38:24 Light Cavalry
42:41 Imperial Age
40:37 Hand Cart
41:28 Fletching
41:38 Scale Mail Armor
45:51 Padded Archer Armor
46:23 Pikeman
47:06 Squires
Connection lost

Rejoining the realm…

Still unreachable

The connection could not be restored.

Session expired

The server has moved on; the page needs a fresh start.